 Dungeon Crawl Stone Soup version 0.23.2-1-ga50397a6bc (webtiles) character file.

Game seed: 15915495098203603447

21627 Menchi the Spry (level 12, -1/102 HPs)
             Began as a Merfolk Assassin on May 8, 2019.
             Was a High Priest of Okawaru.
             Slain by an orc knight
             ... wielding a +2 war axe
              (23 damage)
             ... on level 1 of the Orcish Mines.
             The game lasted 00:52:34 (13539 turns).

Menchi the Spry (Merfolk Assassin)                 Turns: 13539, Time: 00:52:34

Health: -1/102     AC: 10    Str: 16    XL:     12   Next: 92%
Magic:  12/12      EV: 25    Int: 14    God:    Okawaru [*****.]
Gold:   995        SH:  0    Dex: 15    Spells: 11/11 levels left

rFire    . . .     SeeInvis .   q - +5 trident (freeze)
rCold    . . .     Gourm    .   (no shield)
rNeg     . . .     Faith    .   N - +2 robe {MR+}
rPois    .         Spirit   .   M - +1 helmet {Int+3}
rElec    .         Reflect  .   B - scarf {repulsion}
rCorr    .         Harm     .   k - +1 pair of gloves
MR       ++...                  p - +0 pair of boots
Stlth    ++++......             u - amulet of rage
HPRegen  0.27/turn              m - +1 ring of protection
MPRegen  0.13/turn              v - ring of protection from magic

@: repel missiles
A: change form in water, swift swim, stealthy swim
a: Heroism, Finesse, Renounce Religion, Evoke Berserk Rage


You were on level 1 of the Orcish Mines.
You worshipped Okawaru.
Okawaru was extremely pleased with you.
You were not hungry.

You visited 3 branches of the dungeon, and saw 15 of its levels.
You also visited: Sewer.

You collected 1429 gold pieces.
You spent 434 gold pieces at shops.

Inventory:

Hand Weapons
 q - a +5 trident of freezing (weapon)
 z - a +2 trident of venom
 I - a +4 quick blade
 K - the +7 war axe of Xech {chop, MR+}
   (You found it on level 10 of the Dungeon)

   It inflicts extra damage upon your enemies.
   It affects your resistance to hostile enchantments.
Armour
 k - a +1 pair of gloves (worn)
 p - a +0 pair of boots (worn)
 B - a scarf of repulsion (worn)
 L - a +2 cloak of magic resistance
 M - a +1 helmet of intelligence (worn)
 N - a +2 robe of magic resistance (worn)
Jewellery
 l - an uncursed ring of stealth
 m - a +1 ring of protection (left hand)
 u - an amulet of rage (around neck)
 v - a ring of protection from magic (right hand)
Wands
 a - a wand of disintegration (5)
 f - a wand of flame (12)
 t - a wand of digging (2)
 y - a wand of enslavement (9)
 A - a wand of iceblast (5)
Scrolls
 c - a scroll of amnesia
 d - a scroll of fog
 i - 5 scrolls of teleportation
 j - 3 scrolls of remove curse
 x - a scroll of magic mapping
 E - 4 scrolls of identify
 G - a scroll of summoning
 H - a scroll of holy word
Potions
 b - 3 potions of lignification
 e - 3 potions of mutation {unknown}
 h - a potion of agility
 n - 2 potions of heal wounds
 o - 2 potions of cancellation
 r - 3 potions of curing
 s - 4 potions of brilliance
 C - a potion of flight {unknown}
 D - a potion of invisibility {unknown}
 F - 3 potions of haste {unknown}
Miscellaneous
 J - a crystal ball of energy
Comestibles
 g - 27 rations
 w - 2 chunks of flesh


   Skills:
 * Level 12.0 Fighting
 - Level 2.4 Short Blades
 + Level 13.9 Polearms
 - Level 2.0 Throwing
 * Level 17.1 Dodging
 + Level 7.6 Stealth


You had 11 spell levels left.
You didn't know any spells.
Your spell library contained the following spells:

 Spells                   Type           Power        Failure   Level  Hunger
 Magic Dart               Conj           #...         28%         1    ##.....
 Blink                    Tloc           N/A          41%         2    ###....
 Call Imp                 Summ           #.......     41%         2    ###....
 Slow                     Hex            #.......     41%         2    ###....
 Conjure Flame            Conj/Fire      #.......     65%         3    ####...
 Mephitic Cloud           Conj/Pois/Air  #.......     65%         3    ####...


Dungeon Overview and Level Annotations

Branches:
Dungeon (12/15)            Temple (1/1) D:7            Lair (0/6) D:9
    Orc (2/2) D:12
    Elf: Orc:2

Altars:
Ashenzari
Cheibriados
Dithmenos
Elyvilon
Fedhas
Gozag
Hepliaklqana
Kikubaaqudgha
Makhleb
Nemelex Xobeh
Okawaru
Qazlal
Ru
Sif Muna
Trog
Uskayaw
Vehumet
Wu Jian
Xom
Yredelemnul
Zin
The Shining One

Shops:
D:4 }   D:10 [   D:12 ?


Message History

The orc warrior is moderately wounded.
The orc warrior misses you.
You barely miss the orc warrior.
The orc warrior is moderately wounded.
The orc knight completely misses you.
You impale the orc warrior!! You freeze the orc warrior.
The orc warrior is almost dead.
The orc warrior closely misses you.
You barely miss the orc warrior.
The orc warrior is almost dead.
The orc knight hits you with a +2 war axe!!
The orc warrior hits you with a +0 hand axe!!
* * * LOW HITPOINT WARNING * * *
You hit the orc warrior but do no damage.
The orc warrior is almost dead.
You hit the orc warrior. You freeze the orc warrior.
You kill the orc warrior!
Okawaru accepts your kill.
The orc knight hits you with a +2 war axe!!
You die...

###....................#
##.#........#.###.......#
#....#..........[......##
##.###.#........[....###
### ###.)......[....##
#[[............#
#>#).........###
###).........#
#@.......###
###o.........#
##............###
#...............##
##............<.>.#
##.......#.........#
###......#.#.........####
#........####.#.........#
##.........###.........##


You could see an orc knight.

Vanquished Creatures
  Erolcha (Orc:1)
  A two-headed ogre (D:10)
  A centaur warrior (D:12)
  2 orc high priests
  Pikel (D:9)
  An orc knight (Orc:1)
  An orc sorcerer (Orc:1)
  An ugly thing (D:12)
  A manticore (D:11)
  Psyche (D:10)
  2 kobold demonologists
  3 trolls (Orc:1)
  A hornet (D:10)
  6 slime creatures
  2 hippogriffs
  A shadow (D:11)
  A centaur simulacrum (D:12)
  17 yaks
  A wyvern (D:8)
  Eustachio (D:4)
  2 basilisks
  2 hungry ghosts
  Grum (D:9)
  2 wargs
  A soldier ant (D:10)
  Duvessa (D:7)
  3 porcupines
  A meliai simulacrum (D:12)
  3 ice beasts
  2 sky beasts
  2 phantoms (D:11)
  3 slaves (D:9)
  A hornet zombie (D:9)
  2 black bears
  11 orc warriors
  5 centaurs
  10 ogres
  6 wolves
  3 crocodiles (D:9)
  10 big kobolds
  8 bullfrogs
  Dowan (D:7)
  A wyvern skeleton (D:10)
  2 scorpions
  5 killer bees
  9 wights
  2 howler monkeys
  5 crimson imps
  3 centaur zombies
  A quasit (D:7)
  3 bullfrog zombies
  6 hounds
  Crazy Yiuf (D:7)
  2 jellies
  15 orc priests
  A centaur skeleton (D:9)
  3 bullfrog skeletons
  A gnoll shaman (D:5)
  9 orc wizards
  4 iguanas
  5 worker ants
  A hound zombie (D:7)
  A hound skeleton (D:10)
  2 worker ant zombies
  19 adders
  5 gnolls (D:5)
  A howler monkey skeleton (D:10)
  5 river rats (Sewer)
  2 shadow imps
  3 white imps (D:12)
  6 oozes
  2 adder zombies
  2 adder skeletons
  3 dart slugs
  7 leopard geckos
  39 orcs
  8 ball pythons
  8 giant cockroaches
  11 goblins
  5 hobgoblins
  8 jackals
  7 quokkas
  8 bats
  5 frilled lizards
  A giant cockroach zombie (D:5)
  25 kobolds
  A leopard gecko skeleton (D:6)
  A leopard gecko zombie (D:6)
  3 quokka skeletons
  27 rats
420 creatures vanquished.

Vanquished Creatures (others)
  A bullfrog (D:9)
  A jelly (D:12)
  5 fungi (Orc:2)
  2 toadstools (D:7)
9 creatures vanquished.

Grand Total: 429 creatures vanquished

Notes
Turn   | Place    | Note
-------+----------+-------------------------------------------
     0 | D:1      | Menchi the Merfolk Assassin began the quest for the Orb.
     0 | D:1      | Reached XP level 1. HP: 16/16 MP: 1/1
    25 | D:1      | Reached skill level 2 in Dodging
    46 | D:1      | Reached XP level 2. HP: 20/22 MP: 2/2
    58 | D:1      | Reached skill level 3 in Dodging
   404 | D:1      | Reached XP level 3. HP: 27/27 MP: 3/3
   433 | D:1      | Reached skill level 4 in Dodging
  1276 | D:2      | Reached skill level 5 in Dodging
  1276 | D:2      | Reached XP level 4. HP: 32/33 MP: 4/4
  1517 | D:2      | Reached XP level 5. HP: 37/39 MP: 5/5
  1773 | D:3      | Reached skill level 6 in Dodging
  2200 | D:4      | Reached XP level 6. HP: 39/47 MP: 6/6
  2264 | D:4      | Reached skill level 7 in Dodging
  2553 | D:4      | Found Jagiog's Gadget Boutique.
  3118 | D:4      | Noticed Eustachio
  3131 | D:4      | Killed Eustachio
  3131 | D:4      | Reached skill level 8 in Dodging
  3131 | D:4      | Reached XP level 7. HP: 47/55 MP: 7/7
  3233 | D:5      | Entered Level 5 of the Dungeon
  3524 | D:5      | Found a glowing drain.
  3570 | Sewer    | Entered a sewer
  3616 | Sewer    | Reached skill level 5 in Fighting
  3616 | Sewer    | Reached skill level 9 in Dodging
  3923 | Sewer    | Reached XP level 8. HP: 61/62 MP: 8/8
  3938 | Sewer    | Reached skill level 10 in Dodging
  5029 | D:7      | Noticed Duvessa
  5030 | D:7      | Noticed Dowan
  5041 | D:7      | Killed Duvessa
  5041 | D:7      | Reached skill level 11 in Dodging
  5055 | D:7      | Killed Dowan
  5391 | D:7      | Reached XP level 9. HP: 71/71 MP: 9/9
  5664 | D:7      | Reached skill level 5 in Polearms
  5732 | D:7      | Found a bloodstained altar of Trog.
  5899 | D:7      | Found a snail-covered altar of Cheibriados.
  6024 | D:7      | Reached skill level 12 in Dodging
  6159 | D:7      | Found a runed translucent door.
  6160 | D:7      | Noticed Crazy Yiuf
  6185 | D:7      | Found a staircase to the Ecumenical Temple.
  6222 | D:7      | Killed Crazy Yiuf
  6261 | Temple   | Entered the Ecumenical Temple
  6375 | Temple   | Became a worshipper of Warmaster Okawaru
  6483 | D:8      | Found an ancient bone altar of Kikubaaqudgha.
  6567 | D:8      | Noticed a kobold demonologist
  6579 | D:8      | Noticed a rust devil
  6582 | D:8      | Noticed an orange demon
  6587 | D:8      | Killed a kobold demonologist
  6587 | D:8      | Reached * piety under Okawaru
  6587 | D:8      | Reached skill level 13 in Dodging
  6587 | D:8      | Reached XP level 10. HP: 33/80 MP: 10/10
  7202 | D:8      | Reached ** piety under Okawaru
  7676 | D:8      | Reached skill level 10 in Polearms
  7883 | D:9      | Found a staircase to the Lair.
  7951 | D:9      | Reached *** piety under Okawaru
  7951 | D:9      | Reached skill level 14 in Dodging
  8178 | D:9      | Noticed Pikel
  8216 | D:9      | Killed Pikel
  8259 | D:9      | Reached XP level 11. HP: 66/87 MP: 11/11
  8570 | D:9      | Noticed Grum
  8588 | D:9      | Killed Grum
  8596 | D:9      | Reached **** piety under Okawaru
  8936 | D:9      | Found an opulent altar of Gozag.
  8942 | D:9      | Found a shimmering altar of Xom.
  8943 | D:9      | Found a hazy altar of Hepliaklqana.
  8943 | D:9      | Found a radiant altar of Vehumet.
  8944 | D:9      | Found a sparkling altar of Nemelex Xobeh.
  8945 | D:9      | Found a glowing golden altar of the Shining One.
  8946 | D:9      | Found an ornate altar of the Wu Jian Council.
  8947 | D:9      | Found a shadowy altar of Dithmenos.
  8948 | D:9      | Found a stormy altar of Qazlal.
  9008 | D:10     | Entered Level 10 of the Dungeon
  9173 | D:10     | Reached skill level 15 in Dodging
  9238 | D:10     | Got a faintly glowing war axe
  9239 | D:10     | Identified the +7 war axe of Xech {chop, MR+} (You found it
                  | on level 10 of the Dungeon)
  9255 | D:10     | Noticed a two-headed ogre
  9274 | D:10     | Found Peigy's Antique Armour Emporium.
  9284 | D:10     | Bought a glowing cloak for 217 gold pieces
  9284 | D:10     | Bought a glowing helmet for 217 gold pieces
  9335 | D:10     | Received a gift from Okawaru
  9353 | D:10     | Received a gift from Okawaru
  9468 | D:10     | Found an ancient bone altar of Kikubaaqudgha.
  9600 | D:10     | Noticed Psyche
  9608 | D:10     | Killed Psyche
  9616 | D:10     | Killed a two-headed ogre
  9616 | D:10     | Reached skill level 5 in Stealth
 10316 | D:11     | Reached skill level 10 in Fighting
 10394 | D:11     | Reached ***** piety under Okawaru
 10403 | D:11     | Noticed a manticore
 10415 | D:11     | Killed a manticore
 10781 | D:12     | Noticed a centaur warrior
 10802 | D:11     | Reached XP level 12. HP: 53/98 MP: 12/12
 10812 | D:11     | Reached skill level 16 in Dodging
 11003 | D:12     | Found Bopo's Magic Scroll Shoppe.
 11021 | D:12     | Killed a centaur warrior
 11021 | D:12     | Received a gift from Okawaru
 11999 | D:12     | Found a staircase to the Orcish Mines.
 12178 | Orc:1    | Entered Level 1 of the Orcish Mines
 12374 | Orc:2    | Entered Level 2 of the Orcish Mines
 12693 | Orc:2    | Noticed an orc high priest
 12803 | Orc:1    | Noticed Erolcha
 12815 | Orc:1    | Killed Erolcha
 13411 | Orc:2    | Noticed an orc high priest
 13458 | Orc:2    | Reached skill level 17 in Dodging
 13469 | Orc:2    | Noticed an orc high priest
 13505 | Orc:2    | Killed an orc high priest
 13524 | Orc:1    | Noticed a soul eater
 13530 | Orc:1    | Killed an orc high priest
 13530 | Orc:1    | Received a gift from Okawaru
 13539 | Orc:1    | Slain by an orc knight

Skill      XL: |  1  2  3  4  5  6  7  8  9 10 11 12 |
---------------+-------------------------------------+-----
Dodging        | 2 3 5 6 8 9 11 13 14 15 17 | 17.1
Fighting       | 3 4 5 6 7 8 10 12 | 12.0
Polearms       | 4 8 11 13 | 13.9
Stealth        | 5 7 |  7.6
Short Blades   | |  2.4
Throwing       | |  2.0

Action                   |  1- 3 |  4- 6 |  7- 9 | 10-12 || total
-------------------------+-------+-------+-------+-------++-------
Melee: Dagger            |   124 |       |       |       ||   124
       Long sword        |       |   169 |       |       ||   169
       Falchion          |       |       |   349 |   104 ||   453
       Trident           |       |       |       |   806 ||   806
Evoke: Wand              |       |       |       |    20 ||    20
  Use: Potion            |       |     1 |     4 |    12 ||    17
       Scroll            |       |       |    18 |     6 ||    24
 Stab: Sleeping          |     6 |     8 |    14 |    15 ||    43
       Distracted        |       |       |       |     1 ||     1
  Eat: Chunk             |     1 |     6 |    12 |    20 ||    39
       Ration            |       |       |       |     1 ||     1
Armor: Robe              |    28 |    38 |    64 |    60 ||   190
       Leather armour    |       |       |    46 |    42 ||    88
Dodge: Dodged            |    77 |   168 |   419 |   741 ||  1405
       Deflected         |       |       |       |     5 ||     5
       Rpst.: Long sword |       |    54 |       |       ||    54
       Falchion          |       |       |   111 |    26 ||   137
